Map: Automaton LE

Players

Cham - Winner!

  • Race: Zerg Zerg
  • League: Master
  • Spawn Location: 9:00

Neeb

  • Race: Protoss Protoss
  • League: Master
  • Spawn Location: 3:00

Event: 2019 WCS Winter Americas

VOD

Have the link to the VOD?

Description

Time

  • Played on: March 24, 2019, 11:46 a.m.
  • Length: 7:43

All games in this series

Show
View Real Time Build Order
Export as new Build Order

Cham Zerg - Winner!

Build Orders: Hatch First 

Get SALT Encoding   

  12  0:00  Drone  
  13  0:08  Drone  
  14  0:17  Overlord  
  14  0:36  Drone  
  14  0:37  Drone  
  16  0:49  Hatchery  
  15  0:52  Drone  
  15  0:56  Drone  
  17  1:00  Drone  
  18  1:10  Extractor  
  17  1:15  Spawning Pool  
  17  1:18  Drone  
  17  1:21  Drone  
  18  1:32  Drone  
  19  1:43  Drone  
  20  1:53  Overlord  
  20  2:02  Queen x2  
  20  2:03  Zergling x2  
  20  2:05  Zergling x2  
  26  2:11  Metabolic Boost  
  26  2:13  Drone  
  26  2:15  Drone  
  28  2:23  Drone  
  28  2:25  Drone  
  30  2:39  Hatchery  
  30  2:42  Drone  
  30  2:43  Drone  
  31  2:50  Queen  
  33  2:54  Overlord  
  33  3:04  Zergling x4  
  35  3:07  Drone  
  36  3:13  Drone x3  
  36  3:17  Drone x3  
  42  3:23  Drone x2  
  44  3:32  Lair  
  44  3:34  Overlord  
  44  3:46  Overlord  
  44  3:48  Overlord  
  44  3:50  Queen  
  44  3:53  Drone x2  
  48  3:57  Queen, Zergling x6  
  53  4:03  Overlord  
  53  4:06  Zergling x6  
  56  4:12  Overlord  
  56  4:15  Zergling x6  
  59  4:23  Zergling x4  
  61  4:24  Overlord  
  60  4:33  Nydus Network  
  60  4:34  Zergling x8  
  63  4:39  Overlord  
  63  4:41  Zergling x4  
  64  4:49  Zergling x2  
  65  4:54  Zergling x14  
  65  4:58  Zergling x4  
  72  5:00  Zergling x2  
  72  5:05  Zergling x4  
  72  5:06  Zergling x2  
  76  5:09  Zergling x4  
  77  5:15  Nydus Canal  
  77  5:18  Zergling x4  
  77  5:19  Zergling x4  
  76  5:24  Zergling x2  
  76  5:27  Zergling x8  
  76  5:38  Zergling x6  
  76  5:42  Nydus Canal  
  78  5:46  Queen x2, Zergling x2  
  78  5:49  Zergling x2  
  81  5:50  Zergling x2  
Show
View Real Time Build Order
Export as new Build Order

Neeb Protoss 

Build Orders: 1 Gate Expand, Phoenix Opening 

Get SALT Encoding   

  12  0:00  Probe  
  13  0:12  Probe  
  14  0:18  Pylon  
  14  0:24  Probe  
  15  0:30  Assimilator  
  15  0:34  Probe  
  16  0:43  Probe  
  16  0:44  Gateway  
  17  0:53  Probe  
  18  1:05  Probe  
  19  1:17  Probe  
  20  1:24  Nexus  
  20  1:34  Cybernetics Core  
  20  1:37  Probe  
  21  1:42  Assimilator  
  21  1:49  Probe  
  21  1:52  Pylon  
  22  1:59  Probe  
  22  2:01  Adept  
  22  2:07  Probe  
  23  2:12  Warp Gate  
  26  2:16  Probe  
  26  2:22  Stargate  
  27  2:28  Probe  
  28  2:32  Adept  
  31  2:37  Probe  
  31  2:40  Probe  
  32  2:49  Probe  
  33  2:52  Probe  
  33  2:57  Phoenix  
  34  3:01  Probe  
  34  3:04  Probe  
  38  3:13  Probe  
  38  3:15  Gateway  
  38  3:16  Probe  
  38  3:18  Pylon  
  40  3:20  Phoenix  
  40  3:26  Probe  
  43  3:29  Probe  
  43  3:33  Gateway  
  44  3:38  Phoenix, Probe  
  45  3:45  Pylon  
  45  3:46  Probe  
  48  3:52  Probe  
  49  3:58  Probe, Assimilator  
  49  4:01  Adept  
  49  4:02  Phoenix, Assimilator  
  52  4:04  Probe  
  55  4:10  Probe  
  55  4:13  Adept  
  55  4:16  Probe  
  59  4:21  Phoenix  
  59  4:22  Probe  
  62  4:32  Pylon  
  62  4:34  Pylon  
  62  4:40  Nexus  
  62  4:50  Probe  
  64  4:55  Robotics Facility  
  64  4:57  Adept x2  
  64  4:59  Adept  
  69  5:03  Probe  
  69  5:06  Probe  
  70  5:17  Sentry x2  
  70  5:19  Sentry  
  70  5:25  Shield Battery  
  70  5:27  Shield Battery  
  70  5:30  Pylon  
  70  5:35  Shield Battery, Gateway  
  70  5:37  Shield Battery  
  70  5:38  Shield Battery x2  
  70  5:40  Shield Battery  
  70  5:41  Pylon  
  70  5:48  Gateway  
Tags
 
Add a new tag
Caveats
  • Supply blocks, unpowered buildings, or Contaminate may cause inaccurate times.
  • Supply counts are checked every 10 seconds.